 Dungeon Crawl Stone Soup version 0.26-a0-264-g3a471323bd (webtiles) character file.

Game seed: 9360326071690600621

725 BritishOli the Covered (level 7, -6/55 HPs)
             Began as a Demonspawn Fighter on July 11, 2020.
             Was a Follower of Okawaru.
             Mangled by an iguana (8 damage)
             ... on level 6 of the Dungeon.
             The game lasted 00:03:42 (5295 turns).

BritishOli the Covered (Demonspawn Fighter)         Turns: 5295, Time: 00:03:42

Health: -6/55      AC: 10    Str: 18    XL:     7   Next: 43%
Magic:  7/7        EV:  7    Int: 15    God:    Okawaru [*.....]
Gold:   235        SH:  9    Dex: 13    Spells: 6/6 levels left

rFire    . . .     SeeInvis .   a - +0 long sword
rCold    . . .     Faith    .   c - +0 kite shield
rNeg     . . .     Spirit   .   b - +0 scale mail
rPois    +         Reflect  .   (helmet restricted)
rElec    .         Harm     .   (no cloak)
rCorr    .                      (no gloves)
MR       .....                  (no boots)
Stlth    ..........             (no amulet)
HPRegen  0.18/turn              h - ring of poison resistance
MPRegen  0.10/turn              q - +6 ring of intelligence

@: no status effects
A: antennae 2, yellow scales 2, powered by pain 1
a: Heroism, Renounce Religion


You were on level 6 of the Dungeon.
You worshipped Okawaru.
Okawaru was aware of your devotion.
You were not hungry.

You visited 1 branch of the dungeon, and saw 6 of its levels.

You collected 235 gold pieces.

Inventory:

Hand Weapons
 a - a +0 long sword (weapon)
Armour
 b - a +0 scale mail (worn)
 c - a +0 kite shield (worn)
 m - a +0 tower shield
Jewellery
 h - a ring of poison resistance (left hand)
 i - an uncursed ring of poison resistance
 q - a +6 ring of intelligence (right hand)
Wands
 s - a wand of flame (7)
Scrolls
 e - 9 scrolls of identify {unknown}
 j - 3 scrolls of remove curse {unknown}
 n - a scroll of fear {unknown}
 o - 5 scrolls of enchant armour {unknown}
 p - 3 scrolls of teleportation {unknown}
 r - 2 scrolls of magic mapping {unknown}
 w - 2 scrolls of fog {unknown}
Potions
 d - 3 potions of might
 g - 2 potions of curing {unknown}
 k - a potion of degeneration {unknown}
 l - 4 potions of heal wounds {unknown}
 t - 2 potions of brilliance {unknown}
 u - a potion of invisibility {unknown}
 v - 2 potions of magic {unknown}
 x - a potion of ambrosia {unknown}
Comestibles
 f - 16 rations


   Skills:
 + Level 4.4 Fighting
 * Level 4.6 Long Blades
 * Level 5.1 Armour
 + Level 4.1 Shields


You had 6 spell levels left.
You didn't know any spells.
Your spell library was empty.

Dungeon Overview and Level Annotations

Branches:
Dungeon (6/15)             Temple (0/1) D:4

Altars:
Fedhas
Kikubaaqudgha
Okawaru
Sif Muna
Trog
Vehumet
Xom


Innate Abilities, Weirdness & Mutations

You have a pair of antennae on your head.
You are mostly covered in yellow scales. (AC +3)
You sometimes gain a little power by taking damage.


Message History

The worker ant is almost dead.
You block the worker ant's attack. The worker ant bites you.
* * * LOW HITPOINT WARNING * * *
You hit the worker ant.
You kill the worker ant!
Okawaru accepts your kill.
You slash the iguana!
The iguana is heavily wounded.
The iguana bites you.
* * * LOW HITPOINT WARNING * * *
You block the iguana's attack.
You closely miss the iguana. The iguana bites you!
* * * LOW HITPOINT WARNING * * *
You block the iguana's attack. x2; The iguana barely misses you.
You riposte.
You hit the iguana.
The iguana is lightly wounded.
You hit the iguana but do no damage.
The iguana is lightly wounded.
The iguana bites you!
You die...

...##.. ...#..... ..##
#....... .....##......
......#.#.... .##
........#...# #....
...[........######....#.
........###...l@........
.......<....#.|#l.......
.........#.######.$.#.#.
..#..).##.## ...# .
###...#..### ...#
...##...##..... ...#
.......(....... .###
.##.)..<###.... .#
.......).# #....


You could see 2 iguanas.

Vanquished Creatures
  An ogre (D:4)
  2 centaurs
  A bullfrog zombie (D:5)
  2 hounds (D:5)
  An orc wizard (D:4)
  An orc priest (D:4)
  An iguana (D:4)
  4 worker ants
  A hound skeleton (D:4)
  A gnoll (D:3)
  7 adders
  A white imp (D:5)
  An ufetubus (D:5)
  2 oozes
  4 worms
  5 leopard geckos
  10 orcs
  3 giant cockroaches
  5 goblins
  9 hobgoblins
  3 jackals (D:1)
  10 kobolds
  2 quokkas
  8 bats
  7 frilled lizards
  6 rats
  3 rat zombies (D:5)
101 creatures vanquished.

Notes
Turn   | Place    | Note
-------+----------+-------------------------------------------
     0 | D:1      | BritishOli the Demonspawn Fighter began the quest for the
                  | Orb.
     0 | D:1      | Reached XP level 1. HP: 18/18 MP: 1/1
   268 | D:1      | Gained mutation: You have a pair of small antennae on your
                  | head. [demonic ancestry]
   268 | D:1      | Reached XP level 2. HP: 13/24 MP: 2/2
   634 | D:1      | Reached skill level 3 in Armour
   868 | D:1      | Gained mutation: You have a pair of antennae on your head.
                  | [demonic ancestry]
   868 | D:1      | Reached XP level 3. HP: 28/29 MP: 3/3
  1223 | D:2      | Found a radiant altar of Vehumet.
  1405 | D:2      | Gained mutation: You are partially covered in yellow
                  | scales. (AC +2) [demonic ancestry]
  1405 | D:2      | Reached XP level 4. HP: 33/35 MP: 4/4
  1755 | D:2      | Found a blossoming altar of Fedhas.
  2277 | D:3      | Found a shimmering altar of Xom.
  2344 | D:3      | Found a shimmering altar of Xom.
  2345 | D:3      | Found a shimmering altar of Xom.
  2345 | D:3      | Found a shimmering altar of Xom.
  2345 | D:3      | Found a shimmering altar of Xom.
  2348 | D:3      | Found a shimmering altar of Xom.
  2351 | D:3      | Found a shimmering altar of Xom.
  2351 | D:3      | Found a shimmering altar of Xom.
  2580 | D:3      | Found a bloodstained altar of Trog.
  2644 | D:3      | Found an iron altar of Okawaru.
  2689 | D:3      | Became a worshipper of Warmaster Okawaru
  2927 | D:4      | Found a staircase to the Ecumenical Temple.
  3074 | D:4      | Gained mutation: You are mostly covered in yellow scales.
                  | (AC +3) [demonic ancestry]
  3074 | D:4      | Reached XP level 5. HP: 37/41 MP: 5/5
  3438 | D:4      | Reached skill level 4 in Armour
  3708 | D:4      | Reached XP level 6. HP: 45/48 MP: 6/6
  4070 | D:5      | Entered Level 5 of the Dungeon
  4702 | D:5      | Reached * piety under Okawaru
  4824 | D:5      | Gained mutation: You sometimes gain a little power by
                  | taking damage. [demonic ancestry]
  4824 | D:5      | Reached XP level 7. HP: 52/54 MP: 7/7
  4866 | D:5      | Found a shimmering blue altar of Sif Muna.
  4940 | D:5      | Found an ancient bone altar of Kikubaaqudgha.
  5268 | D:6      | Reached skill level 5 in Armour
  5294 | D:6      | HP: 2/55 [iguana (9)]
  5295 | D:6      | Mangled by an iguana

Illustrated notes

Levels and vault maps discovered:
D:1:      dpeg_arrival_fog, layout_loops_ring
D:2:      layout_loops_corners, lemuel_coloured_pillars_altar, vehumet_crystals
D:3:      layout_rooms, lightli_temple_of_fire, okawaru_altar_gauntlet_db,
          xom_redecorated, first_ration
D:4:      layout_basic, minmay_temple_entry_glassed_door
D:5:      layout_rooms, led_sif_pool, lemuel_zombie_altar_kikubaaqudgha
D:6:      layout_cave_pools, nicolae_overflow_hidden_temple,
          kennysheep_little_box, grunt_temple_overflow_open, enter_ossuary_5,
          hangedman_minor_gate_pass, uniq_menkaure

Skill      XL: |  1  2  3  4  5  6  7 |
---------------+----------------------+-----
Long Blades    | 2 3 4 |  4.6
Armour         | 3 4 5 |  5.1
Shields        | 3 4 |  4.1
Fighting       | 4 |  4.4

Action                   |  1- 3 |  4- 6 |  7- 9 || total
-------------------------+-------+-------+-------++-------
Melee: Long sword        |   119 |   270 |    59 ||   448
  Eat: Ration            |     1 |     3 |       ||     4
Armor: Scale mail        |    78 |   140 |    28 ||   246
Dodge: Dodged            |    40 |    80 |    14 ||   134
Block: Kite shield       |    75 |   153 |    47 ||   275
       Rpst.: Long sword |    16 |    23 |     3 ||    42

Table legend:
 A = Non-vault XP
 B = Vault XP
 C = Vault XP percentage of total XP
 D = Non-vault monster count
 E = Vault monster count
 F = Vault count percentage of total count
                 A         B        C        D         E       F
            +---------+---------+-------+---------+---------+-------
      Total |    1008 |      28 |   2.7 |      92 |       9 |   8.9
            +---------+---------+-------+---------+---------+-------
        D:1 |      48 |       0 |   0.0 |      25 |       0 |   0.0
        D:2 |      88 |       0 |   0.0 |      21 |       0 |   0.0
        D:3 |      15 |      25 |  62.5 |       9 |       6 |  40.0
        D:4 |     411 |       0 |   0.0 |      22 |       0 |   0.0
        D:5 |     307 |       3 |   1.0 |      13 |       3 |  18.8
        D:6 |     139 |       0 |   0.0 |       2 |       0 |   0.0
            +---------+---------+-------+---------+---------+-------
